 Dungeon Crawl Stone Soup version 0.20.2-3-g29329e0561 (webtiles) character file.

126 Alfie the Skirmisher (level 5, -1/47 HPs)
             Began as a Hill Orc Fighter on Jan 8, 2024.
             Slain by an orc
             ... wielding a +0 club
              (4 damage)
             ... on level 3 of the Dungeon.
             The game lasted 00:05:29 (1546 turns).

Alfie the Skirmisher (Hill Orc Fighter)             Turns: 1546, Time: 00:05:30

Health: -1/47      AC:  7    Str: 25    XL:     5   Next: 10%
Magic:  5/5        EV:  8    Int:  8    God:
Gold:   109        SH:  0    Dex: 10    Spells: 4/4 levels left

rFire    . . .     SeeInvis .   a - +0 rapier
rCold    . . .     Gourm    .   c - +0 shield
rNeg     . . .     Faith    .   b - +0 scale mail
rPois    .         Spirit   .   (no helmet)
rElec    .         Reflect  .   (no cloak)
rCorr    .         Harm     .   (no gloves)
MR       .....                  (no boots)
Stlth    ..........             (no amulet)
Regen    0.2/turn               (no ring)
MPRegen  0.1/turn               (no ring)

@: confused, mighty
A: no striking features
a: no special abilities


You were on level 3 of the Dungeon.
You were not hungry.

You visited 1 branch of the dungeon, and saw 3 of its levels.

You collected 109 gold pieces.

Inventory:

Hand Weapons
 a - a +0 rapier (weapon)
Armour
 b - a +0 scale mail (worn)
 c - a +0 shield (worn)
Jewellery
 i - a cursed -2 ring of strength {unknown}
 k - an uncursed amulet of the gourmand {unknown}
Scrolls
 e - a scroll of recharging
 g - a scroll of remove curse {unknown}
 h - 3 scrolls of enchant armour {unknown}
 j - 3 scrolls of teleportation {unknown}
 l - a scroll of noise {unknown}
Potions
 m - 2 potions of curing {unknown}
 o - a potion of lignification {unknown}
Comestibles
 f - 4 bread rations
 n - 2 fruits


   Skills:
 + Level 4.6 Fighting
 + Level 2.8 Short Blades
 + Level 4.1 Armour
 + Level 1.0 Dodging
 + Level 4.0 Shields


You had 4 spell levels left.
You didn't know any spells.

Dungeon Overview and Level Annotations

Branches:
Dungeon (3/15)

Altars:
Okawaru


Message History

The orc hits you but does no damage. You block the orc's attack.
You hear some strange, mumbled words.
You are confused.
The orc barely misses you.
You're too confused!
You're too confused!
You're too confused!
You feel very mighty all of a sudden. The orc hits you but does no damage.
Something hits you but does no damage. The orc hits you with a mace.
* * * LOW HITPOINT WARNING * * *
The orc hits you but does no damage.
You barely miss something. The orc hits you with a club.
* * * LOW HITPOINT WARNING * * *
Something hits you.
* * * LOW HITPOINT WARNING * * *
The orc hits you but does no damage. The orc barely misses you.
You barely miss something. Something hits you but does no damage.
The orc hits you with a club.
You die...

...[. #............
...... ............#
.#...##..>........#
..$..#...........#
##.....#..%......
#........ .g..#
#......#####o.##
#.........{@oo.#
####.........##o......#
#........##............
##......######........
##..<...# ###......
###.#>..# ## ......
#...#.......# #.....
#.###.......## .....
#.# #........


You could see 4 orcs and a hobgoblin.

Vanquished Creatures
  A worker ant (D:3)
  5 adders (D:2)
  A worm (D:2)
  2 dart slugs
  A leopard gecko (D:1)
  A ball python (D:1)
  4 bats
  3 giant cockroaches
  6 goblins
  8 hobgoblins
  4 jackals (D:2)
  2 frilled lizards
  6 kobolds
  2 rats (D:2)
46 creatures vanquished.

Notes
Turn   | Place    | Note
-------+----------+-------------------------------------------
     0 | D:1      | Alfie the Hill Orc Fighter began the quest for the Orb.
     0 | D:1      | Reached XP level 1. HP: 19/19 MP: 1/1
   133 | D:1      | Reached XP level 2. HP: 25/27 MP: 2/2
   639 | D:1      | Reached XP level 3. HP: 33/33 MP: 3/3
   838 | D:2      | HP: 1/34 [poisoned by an adder]
   870 | D:2      | HP: 1/34 [jackal (3)]
   877 | D:2      | HP: 1/34 [frilled lizard (1)]
   892 | D:2      | HP: 1/34 [kobold/whip (1)]
   893 | D:2      | Reached XP level 4. HP: 2/41 MP: 4/4
   907 | D:2      | HP: 2/41 [dart slug/slug dart (2)]
  1015 | D:2      | HP: 2/41 [hobgoblin/club (3)]
  1249 | D:2      | Found an iron altar of Okawaru.
  1410 | D:2      | Reached skill level 1 in Dodging
  1503 | D:3      | Reached XP level 5. HP: 33/47 MP: 5/5
  1545 | D:3      | HP: 2/47 [something (1)]
  1546 | D:3      | Slain by an orc

Skill      XL: |  1  2  3  4 |
---------------+-------------+-----
Fighting       | 4 |  4.6
Armour         | 4 |  4.1
Dodging        | 1 |  1.0
Shields        | 4 |  4.0
Short Blades   | |  2.8

Action                   |  1- 3 |  4- 6 || total
-------------------------+-------+-------++-------
Melee: Rapier            |    85 |    88 ||   173
  Use: Potion            |     2 |     1 ||     3
       Scroll            |       |     1 ||     1
  Eat: Chunk             |       |     2 ||     2
Armor: Scale mail        |    74 |    55 ||   129
Dodge: Dodged            |    48 |    35 ||    83
Block: Shield            |    74 |    42 ||   116
